 Dungeon Crawl Stone Soup version 0.27-a0-1140-g099f9bb0e8 (webtiles) character file.

Game seed: 9066834852985114979

334836 Vomitron the Eclecticist (level 21, -15/173 HPs)
             Began as a Djinni Earth Elementalist on May 7, 2021.
             Was an Initiate of Gozag.
             Shot with an arrow by a centaur warrior (21 damage)
             ... on level 2 of the Vaults on May 8, 2021.
             The game lasted 02:56:24 (47094 turns).

Vomitron the Eclecticist (DjEE)                    Turns: 47094, Time: 02:56:24

Health: -15/173    AC: 27    Str: 12 (13) XL:     21   Next: 85%
Gold:   9546       EV: 14    Int: 22      God:    Gozag SH: 13 Dex: 17

rFire    + + +     SeeInvis .   e - +8 demon trident "Rift" {distort, reach+}
rCold    + . .     Faith    .   E - +0 kite shield
rNeg     . . .     Spirit   .   W - +3 scale mail of Hedging {rC++}
rPois    ∞         Reflect  .   B - +2 helmet
rElec    +         Harm     .   o - +2 cloak
rCorr    .         Rampage  .   L - +2 pair of gloves of Greed {Int+2}
Will     +++..                  (boots unavailable)
Stlth    +.........             S - amulet of Vitality {Regen+ HP+15}
HPRegen  1.38/turn              d - ring "Jiotuamm" {rElec rF+ Will+ Str+2}
MPRegen  0.00/turn              j - +4 ring of protection

@: flying
A: sickness immunity, fire resistance 2, cold vulnerability 1, float, innate
caster, hp casting, extra vitality 1, deterioration 1
}: 2/15 runes: barnacled, gossamer
a: Renounce Religion, Potion Petition, Call Merchant, Bribe Branch


You were on level 2 of the Vaults.
You worshipped Gozag.
Gozag was greatly pleased with you.
You visited 7 branches of the dungeon, and saw 33 of its levels.
You also visited: Sewer, Bailey and Gauntlet.

You collected 13531 gold pieces.
You spent 2742 gold pieces at shops.
You paid 1243 gold pieces to Gozag.

Inventory:

Hand Weapons
 e - the +8 demon trident "Rift" (weapon) {distort, reach+}
   (You acquired it on level 4 of the Dungeon)

   It warps and distorts space around it.
   Unwielding it can cause banishment or high damage.
 J - a +5 demon trident
 R - a +4 scimitar of flaming
Missiles
 b - 980 stones
 r - 82 silver javelins
 w - 14 throwing nets
Armour
 o - a +2 cloak (worn)
 A - a +2 robe of resistance
 B - a +2 helmet (worn)
 E - a +0 kite shield (worn)
 L - the +2 pair of gloves of Greed (worn) {Int+2}
   (You acquired it on level 4 of the Lair of Beasts)

   It affects your intelligence (+2).
 W - the +3 scale mail of Hedging (worn) {rC++}
   (You found it on level 2 of the Shoals)

   It greatly protects you from cold.
Jewellery
 d - the ring "Jiotuamm" (left hand) {rElec rF+ Will+ Str+2}
   (You bought it in a shop on level 2 of the Orcish Mines)

   [ring of protection from fire]

   It affects your strength (+2).
   It protects you from fire.
   It insulates you from electricity.
   It increases your willpower.
 i - a ring of see invisible
 j - a +4 ring of protection (right hand)
 k - the macabre finger necklace {rN+}
   (You took it off a minotaur in a Gauntlet)

   [amulet of nothing]

   It enables you to equip an extra ring.
   It protects you from negative energy.
 S - the amulet of Vitality (around neck) {Regen+ HP+15}
   (You bought it in a shop on level 5 of the Dungeon)

   [amulet of regeneration]

   It affects your health (+15).
   It increases your rate of health regeneration.
Wands
 F - a wand of acid (5)
 I - a wand of iceblast (38)
 Z - a wand of digging (6)
Scrolls
 h - 16 scrolls of teleportation
 n - 2 scrolls of identify
 s - 3 scrolls of blinking
 u - a scroll of fog
 y - 7 scrolls of enchant armour
 C - 5 scrolls of magic mapping
 D - 7 scrolls of enchant weapon
 G - a scroll of fear
 K - 7 scrolls of immolation
 O - 2 scrolls of silence
 U - a scroll of holy word
 X - 5 scrolls of summoning
Potions
 a - 14 potions of curing
 g - 3 potions of haste
 l - 4 potions of mutation
 m - 7 potions of heal wounds
 p - 6 potions of cancellation
 q - 8 potions of flight
 t - 6 potions of degeneration
 v - 2 potions of attraction
 z - 6 potions of might
 H - 2 potions of resistance
 M - 4 potions of berserk rage
 P - a potion of ambrosia
 Q - a potion of lignification
 T - 3 potions of invisibility
 V - a potion of brilliance
Miscellaneous
 c - a phantom mirror
 f - a phial of floods
 x - a phantom mirror
 N - a condenser vane
 Y - a phantom mirror


   Skills:
 + Level 16.7 Fighting
 - Level 0.1 Maces & Flails
 + Level 11.6 Polearms
 + Level 12.7 Armour
 - Level 10.6 Dodging
 - Level 1.8 Stealth
 - Level 15.0 Shields
 - Level 0.4 Unarmed Combat
 * Level 17.7 Spellcasting


You couldn't memorise any spells.
You knew the following spells:

 Your Spells              Type           Power      Damage    Failure   Level
a - Sandblast             Erth           100%       2d20      0%          1
b - Passwall              Tmut/Erth      65%        N/A       0%          2
c - Stone Arrow           Conj/Erth      100%       3d13      1%          3
d - Petrify               Tmut/Erth      78%        N/A       1%          4
e - Lee's Rapid Deconstr  Erth           39%        3d20*     1%          5
f - Shock                 Conj/Air       100%       1d9       0%          1
g - Poisonous Vapours     Pois/Air       100%       N/A       0%          2
h - Wereblood             Tmut           78%        N/A       0%          2
i - Animate Dead          Necr           39%        N/A       1%          4
j - Agony                 Necr           78%        N/A       1%          5
k - Yara's Violent Unrav  Hex/Tmut       39%        3d16      1%          5
l - Blade Hands           Tmut           39%        N/A       1%          6
m - Orb of Destruction    Conj           39%        9d13      5%          7
n - Iron Shot             Conj/Erth      39%        9d8       1%          6
o - Ignition              Fire           39%        3d12      38%         8
Your spell library was empty.

Dungeon Overview and Level Annotations

Branches:
Dungeon (14/15)            Temple (1/1) D:7            Lair (6/6) D:11
 Shoals (4/4) Lair:2       Spider (4/4) Lair:3        Slime (0/5) Lair:6
    Orc (2/2) D:11            Elf (0/3) Orc:2        Vaults (2/5) D:13
  Sewer (visited)          Bailey (visited)         Gauntlet (visited)
  Crypt: Vaults:2-3

Altars:
Ashenzari
Cheibriados
Dithmenos
Elyvilon
Fedhas
Gozag
Hepliaklqana
Kikubaaqudgha
Makhleb
Nemelex Xobeh
Okawaru
Qazlal
Ru
Sif Muna
Trog
Uskayaw
Vehumet
Wu Jian
Xom
Yredelemnul
Zin
The Shining One
Beogh
Jiyva

Shops:
D:3 (   D:5 =*:=   D:13 !   Orc:2 ?*(*=   Shoals:1 ?=   Vaults:1 =[

Portals:
Pandemonium: Orc:2

Annotations:
D:4 2 transporters, Scarexists's ghost, weakling HuDe
Lair:6 1 runed translucent door
Shoals:2 exclusion: door
Spider:3 Roxanne
Spider:4 exclusion: 3 doors
Orc:2 exclusion: obsidian statue
Abyss:1 Cheivey's ghost, novice TrGl; Zipteul's ghost, adept NaBe


Innate Abilities, Weirdness & Mutations

You are immune to sickness and miasma.
You are immune to poison.
Your flesh is very heat resistant. (rF++)
You are vulnerable to cold. (rC-)
You float through the air rather than walking.
You learn spells naturally, not from books.
Your magical power is your life essence.
You have superior vitality. (+4 HP)
Your body sometimes deteriorates upon taking damage.


Message History

The centaur warrior shoots an arrow.
The arrow misses you.
The centaur warrior wields a +0 shortbow.
The centaur warrior shoots an arrow.
The arrow barely misses you.
The centaur warrior shoots an arrow.
You block the arrow.
The centaur warrior shoots an arrow.
You block the arrow.
You reach down and close the door.
A centaur warrior opens the door.
You reach down and open the door.
The centaur warrior shoots an arrow.
The arrow hits you but does no damage.
The centaur warrior shoots an arrow.
You block the arrow.
The centaur warrior shoots an arrow.
The arrow hits you!
* * * LOW HITPOINT WARNING * * *
There is an open door here.
The centaur warrior shoots an arrow.
The arrow hits you but does no damage.
You reach down and open the door.
The centaur warrior shoots an arrow.
The arrow closely misses you.
The centaur warrior shoots an arrow.
The arrow hits you!
* * * LOW HITPOINT WARNING * * *
There is an open door here.
A centaur warrior comes into view.
The centaur warrior shouts!
You hear a trumpeting! x2; You hear a shout!
You hear a roar!
The centaur warrior shoots an arrow.
The arrow closely misses you.
The centaur warrior wields a +0 shortbow.
The centaur warrior shoots an arrow.
You block the arrow.
A centaur warrior comes into view.
The centaur warrior shoots an arrow.
The arrow misses you.
The centaur warrior shoots an arrow.
The arrow hits you!!
* * * LOW HITPOINT WARNING * * *
The centaur warrior shoots an arrow.
The arrow hits you.
* * * LOW HITPOINT WARNING * * *
You hear a shout!
A centaur warrior comes into view.
The centaur warrior shouts!
The centaur warrior drinks a potion.
The centaur warrior flickers and vanishes!
Deactivating autopickup; reactivate with Ctrl-A.
The centaur warrior shoots an arrow.
The arrow hits you!!
You die...
Your body crumbles into a pile of gold.

...........#...#
....c......#.#.#
...........#...#
...........#...#
......c{...#..c#
#######'####.cc#
#....## #c######
##....## #c$$...#
##..@.#####$...##
##......#.###.c##
#.......'c.###c###.#
.......#..#c..#......#
......###.#...p......#
##.<..# ###..###+##..#
##... #.## #.# ##..
### ## #


You could see 4 centaur warriors and an ironbound beastmaster.

Vanquished Creatures
  Arachne (Spider:4)
  Rupert (D:13)
  Jorgrun (Orc:2)
  A titan (Vaults:1)
  A kraken (Shoals:4)
  Polyphemus (Shoals:2)
  A sphinx (Vaults:1)
  3 tengu reavers (Vaults:1)
  Kirke (Spider:2)
  6 emperor scorpions
  A deep elf sorcerer (Vaults:1)
  3 frost giants
  4 ghost moths
  3 vault wardens (Vaults:1)
  4 ironbound preservers (Vaults:1)
  An orc warlord (Vaults:1)
  A very ugly thing (Vaults:1)
  A stone giant (Vaults:1)
  A yellow draconian (Vaults:1)
  A black draconian (Vaults:1)
  5 entropy weavers
  Nessos (D:12)
  A minotaur (Gauntlet)
  2 spark wasps
  5 merfolk javelineers
  An ettin (D:11)
  9 merfolk impalers
  Josephine (Orc:2)
  A great orb of eyes (Vaults:1)
  A yaktaur captain (Vaults:2)
  3 boulder beetles
  2 ironbound thunderhulks
  Harold (Lair:1)
  14 centaur warriors
  6 vault guards (Vaults:1)
  Erolcha (D:11)
  13 hydras
  2 ogre magi
  6 merfolk aquamancers
  An ironbound frostheart (Vaults:1)
  Erica (D:11)
  2 catoblepae
  10 death yaks
  4 merfolk avatars
  11 two-headed ogres
  An alligator snapping turtle (Shoals:4)
  3 satyrs
  2 vampire magi (Vaults:1)
  2 ironbound beastmasters (Vaults:1)
  9 orc high priests (Orc:2)
  A deep elf knight (D:13)
  A sun demon (Orc:2)
  Urug (Lair:4)
  A skeletal warrior (D:13)
  10 sea snakes
  8 deep trolls (Vaults:1)
  A glowing orange brain (Vaults:1)
  4 lindwurms (Vaults:1)
  2 gelid demonspawn (Orc:2)
  2 infernal demonspawn (Orc:2)
  A phantasmal warrior (Vaults:1)
  36 harpies
  11 orc knights
  2 ironbound convokers (Vaults:1)
  A wizard (Vaults:1)
  2 deep elf pyromancers
  13 orb spiders
  9 ugly things
  A deep elf zephyrmancer (D:13)
  37 wolf spiders
  3 orc sorcerers
  10 manticores
  11 fauns
  14 merfolk sirens
  A moth of wrath (Spider:4)
  5 black mambas
  14 cyclopes
  7 water nymphs
  8 elephants
  4 vault sentinels
  24 cane toads
  2 orange demons (Orc:2)
  4 gargoyles
  A guardian serpent (Vaults:1)
  3 smoke demons (Orc:2)
  2 torpor snails
  A rime drake (Lair:6)
  A rime drake (shapeshifter) (Vaults:1)
  2 unseen horrors
  11 komodo dragons
  A tengu conjurer (D:14)
  8 demonic crawlers
  A hellwing (Orc:2)
  32 merfolk
  11 yaktaurs
  24 jumping spiders
  8 hornets
  A polar bear (Lair:5)
  6 trolls
  28 blink frogs
  3 wind drakes
  11 snapping turtles
  3 tyrant leeches (Lair:6)
  20 slime creatures
  2 raiju (Gauntlet)
  9 dream sheep
  9 water elementals
  Sigmund (D:5)
  3 flying skulls (Gauntlet)
  27 tarantellas
  82 redbacks
  2 vampires (D:11)
  42 yaks
  3 wyverns
  5 wraiths
  Eustachio (D:5)
  5 basilisks
  A human (shapeshifter) (D:11)
  11 vampire mosquitoes
  A chaos spawn (Orc:2)
  5 acid dragons
  2 wargs (Orc:2)
  13 water moccasins
  2 necrophages (D:6)
  40 orc warriors
  12 ogres
  3 wolves (Lair:5)
  7 centaurs
  3 kobold brigands (D:6)
  20 bullfrogs
  8 scorpions
  3 gnoll sergeants
  A wyvern zombie (D:5)
  8 wights (D:9)
  11 killer bees (D:9)
  2 howler monkeys
  7 electric eels
  A bullfrog zombie (D:6)
  8 centaur zombies
  27 orc priests
  2 hounds
  4 centaur skeletons
  A gnoll shaman (D:6)
  8 jellies
  Crazy Yiuf (D:5)
  6 iguanas
  A scorpion zombie (D:5)
  2 lightning spires (Gauntlet)
  18 orc wizards
  6 hell rats (Lair:6)
  A hound skeleton (D:5)
  A howler monkey zombie (D:8)
  14 gnolls
  2 howler monkey skeletons
  13 adders
  3 river rats (Sewer)
  A shadow imp (D:6)
  A white imp (D:6)
  An ufetubus (D:5)
  An adder skeleton (D:4)
  3 worms
  124 orcs
  7 endoplasms
  4 giant cockroaches
  3 goblins
  7 hobgoblins
  4 jackals (D:1)
  5 quokkas
  7 ball pythons
  7 bats
  3 frilled lizards
  A jackal skeleton (D:3)
  27 kobolds
  28 rats
  4 tentacles (Shoals:4)
1295 creatures vanquished.

Vanquished Creatures (others)
  A ghost moth (Spider:4)
  A merfolk aquamancer (Shoals:1)
  A tengu conjurer (D:11)
  3 humans (Spider:3)
  5 orcs
  A bush (Lair:6)
  55 fungi
  153 plants
  10 tentacles (Shoals:4)
  9 toadstools (D:6)
239 creatures vanquished.

Grand Total: 1534 creatures vanquished

Notes
Turn   | Place    | Note
-------+----------+-------------------------------------------
     0 | D:1      | Vomitron the Djinni Earth Elementalist began the quest for
                  | the Orb.
     0 | D:1      | Reached XP level 1. HP: 15/15 MP: 0/0
   662 | D:1      | Reached XP level 2. HP: 21/21 MP: 0/0
   815 | D:1      | Reached skill level 3 in Spellcasting
  1243 | D:1      | Reached XP level 3. HP: 22/26 MP: 0/0
  1243 | D:1      | Learned a level 1 spell: Shock
  1930 | D:2      | Found a faded altar of an unknown god.
  2021 | D:2      | Reached skill level 1 in Fighting
  2340 | D:3      | Reached XP level 4. HP: 31/32 MP: 0/0
  2431 | D:3      | Found a glowing drain.
  2512 | Sewer    | Entered a sewer
  3004 | Sewer    | Reached skill level 4 in Spellcasting
  3004 | Sewer    | Reached XP level 5. HP: 12/38 MP: 0/0
  3004 | Sewer    | Learned a level 2 spell: Poisonous Vapours
  4244 | D:3      | Found a hazy altar of Hepliaklqana.
  4245 | D:3      | Found a shadowy altar of Dithmenos.
  4245 | D:3      | Noticed a shadow
  4271 | D:3      | Found a snail-covered altar of Cheibriados.
  4677 | D:3      | Found Dasikill's Weapon Emporium.
  4821 | D:4      | Found a transporter.
  4825 | D:4      | Identified a scroll of acquirement
  4825 | D:4      | Acquired the +8 demon trident "Rift" {distort, reach+}
  4826 | D:4      | Found the +8 demon trident "Rift" {distort, reach+}
  4831 | D:4      | Noticed Scarexists's ghost (weakling HuDe)
  4973 | D:4      | Reached XP level 6. HP: 44/45 MP: 0/0
  5428 | D:4      | Reached skill level 1 in Polearms
  5549 | D:4      | Found a transporter.
  5930 | D:5      | Entered Level 5 of the Dungeon
  5966 | D:5      | Reached skill level 5 in Spellcasting
  5966 | D:5      | Reached XP level 7. HP: 39/50 MP: 0/0
  5966 | D:5      | Learned a level 2 spell: Wereblood
  6119 | D:5      | Found Zaphus Miph's Book Shoppe.
  6427 | D:5      | Found a broken altar of Ashenzari.
  6457 | D:5      | Found Foerut's Jewellery Boutique.
  6476 | D:5      | Noticed a wyvern
  6480 | D:5      | Killed a wyvern
  6481 | D:5      | Reached XP level 8. HP: 50/58 MP: 0/0
  6513 | D:5      | Noticed Eustachio
  6516 | D:5      | Killed Eustachio
  6517 | D:5      | Reached skill level 6 in Spellcasting
  6768 | D:5      | Found Archeato's Jewellery Emporium.
  6781 | D:5      | Found an opulent altar of Gozag.
  6862 | D:5      | Found a runed translucent door.
  6863 | D:5      | Noticed Crazy Yiuf
  6914 | D:5      | Found Zaipser's General Store.
  6960 | D:5      | Noticed Sigmund
  6967 | D:5      | Killed Sigmund
  6968 | D:5      | Reached skill level 5 in Dodging
  7111 | D:5      | Killed Crazy Yiuf
  7395 | D:6      | Reached XP level 9. HP: 59/64 MP: 0/0
  7395 | D:6      | Learned a level 4 spell: Animate Dead
  7531 | D:6      | Reached skill level 5 in Fighting
  8085 | D:6      | You are sucked into a shaft and drop 3 floors!
  8132 | D:9      | Reached skill level 7 in Spellcasting
  8162 | D:9      | Reached skill level 5 in Polearms
  8174 | D:9      | Noticed a cyclops
  8387 | D:7      | Found an iron altar of Okawaru.
  8405 | D:7      | Found a sparkling altar of Nemelex Xobeh.
  8408 | D:7      | Found an ornate altar of the Wu Jian Council.
  8411 | D:7      | Found a sacrificial altar of Ru.
  8635 | D:7      | Reached XP level 10. HP: 69/72 MP: 0/0
  9685 | D:7      | Found a staircase to the Ecumenical Temple.
  9865 | Temple   | Entered the Ecumenical Temple
 10174 | D:5      | Became a worshipper of Gozag Ym Sagoz the Greedy
 10361 | D:8      | Found a burning altar of Makhleb.
 10681 | D:8      | Reached skill level 1 in Shields
 11184 | D:9      | Killed a cyclops
 11697 | D:9      | Reached skill level 8 in Spellcasting
 12288 | D:10     | Entered Level 10 of the Dungeon
 12328 | D:9      | Reached XP level 11. HP: 37/79 MP: 0/0
 12328 | D:9      | Learned a level 5 spell: Agony
 12948 | D:10     | Reached skill level 5 in Shields
 13609 | D:11     | Found a staircase to the Orcish Mines.
 13657 | D:11     | Noticed Erolcha
 13664 | D:11     | Killed Erolcha
 13773 | D:11     | Noticed a death yak
 13774 | D:11     | Noticed a death yak
 13775 | D:11     | Noticed Erica
 13776 | D:11     | Noticed a death yak
 13777 | D:11     | Noticed a death yak
 13802 | D:11     | Killed a death yak
 13822 | D:11     | Noticed a death yak
 13828 | D:11     | HP: 1/81 [death yak (27)]
 14186 | D:11     | Noticed a two-headed ogre
 14192 | D:11     | Killed a two-headed ogre
 14370 | D:11     | Noticed a boulder beetle
 14388 | D:11     | Killed a boulder beetle
 14655 | D:11     | Found a staircase to the Lair.
 14702 | D:11     | Killed Erica
 14885 | D:11     | Noticed a two-headed ogre
 14892 | D:11     | Killed a two-headed ogre
 14893 | D:11     | Reached XP level 12. HP: 72/88 MP: 0/0
 15043 | D:5      | Bought the amulet of Vitality {Regen+ HP+15} for 948 gold
                  | pieces
 15043 | D:5      | Found the amulet of Vitality {Regen+ HP+15}
 15337 | D:11     | Reached skill level 9 in Spellcasting
 15511 | D:11     | Noticed a two-headed ogre
 15513 | D:11     | Noticed a seven-headed hydra
 15748 | D:11     | Killed a seven-headed hydra
 15878 | D:11     | Killed a two-headed ogre
 15996 | D:11     | Noticed a two-headed ogre
 16003 | D:11     | Killed a two-headed ogre
 16079 | D:11     | Noticed a two-headed ogre
 16105 | D:11     | Killed a two-headed ogre
 16216 | D:11     | Noticed an ettin
 16387 | Lair:1   | Entered Level 1 of the Lair of Beasts
 16591 | Lair:1   | Noticed a seven-headed hydra
 16596 | Lair:1   | Noticed a four-headed hydra
 16600 | Lair:1   | Killed a seven-headed hydra
 16606 | Lair:1   | Killed a four-headed hydra
 16607 | Lair:1   | Reached XP level 13. HP: 68/95 MP: 0/0
 16607 | Lair:1   | Learned a level 5 spell: Yara's Violent Unravelling
 16730 | Lair:1   | Found a runed translucent door.
 16748 | Lair:1   | Noticed Cheivey's ghost (novice TrGl)
 16809 | Lair:1   | Noticed Harold
 16817 | Lair:1   | Killed Harold
 16818 | Lair:1   | Reached skill level 10 in Shields
 17130 | Lair:1   | Banished Cheivey's ghost
 17164 | Lair:1   | Identified the ring "Wostoyce" {rElec rN+++ AC+4 Int-3
                  | Slay-6}
 17168 | Lair:1   | Upgraded the game from 0.27-a0-1137-g3ef0f4ec91 to
                  | 0.27-a0-1139-g28e009f8a6
 17367 | Lair:2   | Reached skill level 10 in Fighting
 17388 | Lair:2   | Found a staircase to the Shoals.
 18001 | Lair:3   | Reached skill level 10 in Spellcasting
 18208 | Lair:3   | Found a hole to the Spider Nest.
 18237 | Lair:3   | Found a gate leading to a gauntlet.
 18249 | Gauntlet | Entered a Gauntlet
 18249 | Gauntlet | Found a transporter.
 18252 | Gauntlet | Found a transporter.
 18256 | Gauntlet | Found a transporter.
 18260 | Gauntlet | Found a runed translucent door.
 18260 | Gauntlet | Found a runed translucent door.
 18261 | Gauntlet | Found a transporter.
 18264 | Gauntlet | Found a transporter.
 18268 | Gauntlet | Found a transporter.
 18276 | Gauntlet | Found a transporter.
 18281 | Gauntlet | Found a transporter.
 18288 | Gauntlet | Found a transporter.
 18292 | Gauntlet | Found a transporter.
 18301 | Gauntlet | Found a transporter.
 18321 | Gauntlet | Found a transporter.
 18333 | Gauntlet | Found a transporter.
 18345 | Gauntlet | Found a transporter.
 18447 | Gauntlet | Identified the ring of Cuaroahiw {Fire rElec Str-4 Dex-2
                  | SInv}
 18540 | Gauntlet | Identified the amulet "Foajepac" {Reflect Str+4 SH+5}
 18577 | Gauntlet | Noticed a minotaur
 18603 | Gauntlet | Killed a minotaur
 19281 | Lair:4   | Reached XP level 14. HP: 89/103 MP: 0/0
 19655 | Lair:4   | Noticed Urug
 19671 | Lair:4   | Killed Urug
 19723 | Lair:4   | Acquired the +2 pair of gloves of Greed {Int+2}
 20439 | Lair:5   | Reached skill level 10 in Polearms
 21623 | Lair:6   | Entered Level 6 of the Lair of Beasts
 21802 | Lair:5   | Reached skill level 11 in Spellcasting
 22327 | Lair:6   | Reached XP level 15. HP: 112/112 MP: 0/0
 22327 | Lair:6   | Learned a level 6 spell: Blade Hands
 22888 | Lair:6   | Reached skill level 1 in Armour
 23455 | Lair:6   | Found a runed translucent door.
 23466 | Lair:6   | Found a viscous altar of Jiyva.
 23466 | Lair:6   | Noticed an acid blob
 23467 | Lair:6   | Noticed an acid blob
 23468 | Lair:6   | Found a staircase to the Slime Pits.
 23791 | Orc:1    | Entered Level 1 of the Orcish Mines
 24395 | Orc:2    | Entered Level 2 of the Orcish Mines
 24555 | Orc:2    | Found Hycvaem's Magic Scroll Shop.
 24717 | Orc:2    | Found a staircase to the Elven Halls.
 24790 | Orc:2    | Noticed Josephine
 24795 | Orc:2    | Killed Josephine
 25233 | Orc:2    | Found Nusinej's General Store.
 25237 | Orc:2    | Found Ydifreet's General Store.
 25470 | Orc:2    | Reached skill level 12 in Spellcasting
 26089 | Orc:2    | Reached XP level 16. HP: 77/120 MP: 0/0
 26135 | Orc:2    | Found Gysuc's Antique Weapon Boutique.
 26135 | Orc:2    | Found Feggi's Jewellery Shop.
 26136 | Orc:2    | Found a one-way gate leading to the halls of Pandemonium.
 26141 | Orc:2    | Bought the ring "Jiotuamm" {rElec rF+ Will+ Str+2} for 732
                  | gold pieces
 26236 | Orc:2    | Noticed Jorgrun
 26256 | Orc:2    | Killed Jorgrun
 26782 | D:11     | Reached skill level 5 in Armour
 27127 | D:12     | Noticed Nessos
 27139 | D:12     | Killed Nessos
 27355 | D:12     | Identified the +5 rapier of Eternal Vigilance {vorpal,
                  | *Slow rN++ SInv Stlth+}
 27761 | Spider:1 | Entered Level 1 of the Spider Nest
 27956 | Spider:1 | Reached skill level 13 in Spellcasting
 30130 | Spider:2 | Reached XP level 17. HP: 59/127 MP: 0/0
 30130 | Spider:2 | Learned a level 7 spell: Orb of Destruction
 30238 | Spider:3 | Identified Roxanne's Compendium of Moulding
 30238 | Spider:3 | Noticed Roxanne
 30371 | Spider:3 | Noticed Kirke
 30452 | Spider:2 | Killed Kirke
 30771 | Spider:3 | HP: 3/142 [emperor scorpion (8)]
 30824 | Spider:3 | Reached skill level 15 in Shields
 31543 | Spider:3 | Reached skill level 14 in Spellcasting
 32305 | Spider:4 | Entered Level 4 of the Spider Nest
 33942 | Spider:4 | Reached XP level 18. HP: 129/136 MP: 0/0
 34222 | Spider:4 | Got a gossamer rune of Zot
 34360 | Spider:4 | Noticed Arachne
 34369 | Spider:4 | Killed Arachne
 34370 | Spider:4 | Reached skill level 15 in Spellcasting
 35405 | Shoals:1 | Entered Level 1 of the Shoals
 36544 | Shoals:1 | Reached skill level 10 in Armour
 36592 | Shoals:1 | Found Tukyusmyt's Magic Scroll Boutique.
 36640 | Shoals:1 | Bought 3 scrolls of teleportation for 117 gold pieces
 36664 | Shoals:1 | Bought a +4 ring of protection for 540 gold pieces
 37360 | Shoals:2 | Noticed Zipteul's ghost (adept NaBe)
 37365 | Shoals:2 | Found a runed translucent gate.
 37365 | Shoals:2 | Found a runed translucent gate.
 37365 | Shoals:2 | Found a runed translucent gate.
 37565 | Shoals:2 | Noticed Polyphemus
 37628 | Shoals:2 | Identified the +3 scale mail of Hedging {rC++}
 37662 | Shoals:2 | Reached skill level 15 in Fighting
 38006 | Shoals:2 | Identified the +1 halberd "Puzes" {pain, rElec rPois Int+4}
 38466 | Shoals:2 | Noticed a titan
 38697 | Shoals:1 | Banished Zipteul's ghost
 38819 | Shoals:2 | Killed Polyphemus
 39065 | Shoals:3 | Reached XP level 19. HP: 143/143 MP: 0/0
 39065 | Shoals:3 | Learned a level 6 spell: Iron Shot
 39072 | Shoals:3 | Reached skill level 16 in Spellcasting
 39825 | Shoals:4 | Entered Level 4 of the Shoals
 41283 | Shoals:4 | Got a barnacled rune of Zot
 42126 | D:13     | Found a flagged portal.
 42144 | D:13     | Identified the +2 spear "Vonn" {holy, Str+4 Int+4}
 42147 | Bailey   | Entered a bailey
 42326 | Bailey   | Acquired 559 gold pieces
 42388 | Bailey   | Reached skill level 10 in Dodging
 42388 | Bailey   | Reached XP level 20. HP: 151/151 MP: 0/0
 42416 | Bailey   | Upgraded the game from 0.27-a0-1139-g28e009f8a6 to
                  | 0.27-a0-1140-g099f9bb0e8
 42510 | D:13     | Found Umiur's Distillery.
 42529 | D:13     | Bought 2 potions of cancellation for 240 gold pieces
 42529 | D:13     | Bought a potion of curing for 45 gold pieces
 42529 | D:13     | Bought a potion of heal wounds for 75 gold pieces
 42529 | D:13     | Bought a potion of curing for 45 gold pieces
 42755 | D:13     | Identified the +0 robe "Ychihir" {Harm}
 42764 | D:13     | Noticed Rupert
 42778 | D:13     | Killed Rupert
 43045 | D:13     | Found a gate to the Vaults.
 43775 | Vaults:1 | Entered Level 1 of the Vaults
 44133 | Vaults:1 | Reached XP level 21. HP: 157/157 MP: 0/0
 44133 | Vaults:1 | Learned a level 8 spell: Ignition
 44162 | Vaults:1 | Reached skill level 17 in Spellcasting
 45076 | Vaults:1 | Gained mutation: Your body sometimes deteriorates upon
                  | taking damage. [mutagenic glow]
 45739 | Vaults:1 | Found Xeokk's Jewellery Boutique.
 47093 | Vaults:2 | HP: 8/173 [centaur warrior/arrow (21)]
 47094 | Vaults:2 | Shot with an arrow by a centaur warrior

Illustrated notes

Levels and vault maps discovered:
D:1:      saegor_arrival_simple_b, layout_loops_ring
D:2:      layout_loops_ring, basic_ecumenical_altar
D:3:      layout_loops_cross, riverfiend_overflow_shadow_ancestor,
          old_standard_altar, serial_shops, nicolae_shop_statue_plus,
          portal_sewer_entry_f, serial_undead, serial_undead_a, serial_undead_e,
          serial_undead_a, serial_undead_b
D:4:      layout_loops_corners, gammafunk_ghost_stat_death, minmay_statues_item
D:5:      layout_rooms, amcnicky_altar_gilded, nicolae_ashenzari_panopticon,
          vehumet_altar_wand_db, serial_shops, nicolae_shop_crystal, shop,
          nicolae_shop_window_shopping, shop, serial_park_tiny_pond,
          uniq_eustachio, uniq_crazy_yiuf_cottage, uniq_sigmund
D:6:      cheibrodos_fertilizer, layout_loops_ring, minivault_19,
          serial_park_tiny_2
D:7:      layout_cave_pods, kennysheep_orc_sif_temple,
          grunt_temple_overflow_cloverleaf, minmay_temple_entry_junction
D:8:      layout_loops_cross, overflow_temple_1_default
D:9:      layout_long_grid
D:10:     layout_cave_pools
D:11:     nzn_winding_woodlands_huge [nzn_winding_woodlands_5x15_pockets,
          nzn_winding_woodlands_5x15_garden, nzn_winding_woodlands_5x15_cabin,
          nzn_winding_woodlands_5x15_twine,
          nzn_winding_woodlands_5x15_river_crossing,
          nzn_winding_woodlands_5x15_eye, nzn_winding_woodlands_5x15_jagged,
          nzn_winding_woodlands_5x15_split_checker,
          nzn_winding_woodlands_5x15_concentric,
          nzn_winding_woodlands_5x15_zeroes,
          nzn_winding_woodlands_center_diamonds,
          nzn_winding_woodlands_center_lodge,
          nzn_winding_woodlands_15x15_killbox], layout_stronghold,
          dpeg_lair_monsters, david_orc_2, uniq_erolcha, uniq_erica
D:12:     layout_basic, special_room [special_room_orc], uniq_nessos
D:13:     layout_basic, hangedman_vaults_entry_quadrant_bands, serial_shops,
          shop, enter_bailey_2, minmay_misc_feat_more_columns, uniq_rupert
D:14:     layout_loops_ring, serial_bayou_ford_a
Temple:   jpeg_temple_alley_garden
Lair:1:   layout_roguey, gammafunk_ghost_grave, wad_woods_road_03,
          columned_hall_lemuel, chequers_serial_rivers_micro_c,
          serial_bayou_pond_d, uniq_harold
Lair:2:   layout_gridlike, elwin_shoals_entry_stream
Lair:3:   layout_gridlike, nicolae_spider_entry_non_spiders,
          gauntlet_entry_generic, grunt_megastairs_5
Lair:4:   layout_gridlike, serial_bayou_crossing, uniq_urug
Lair:5:   layout_layer_cave, fungi_pond_lemuel
Lair:6:   minmay_lair_end_frog_pond, layout_gridlike, slime_altar_2,
          infiniplex_staircase_pool_2
Shoals:1: cheibrodos_shoals_oceanic_diplomacy, layout_shoals, serial_shops,
          nicolae_shop_temple_entry_statues_fountains,
          nicolae_shoals_aquamancer_cove
Shoals:2: cheibrodos_shoals_gigantism, layout_shoals, gammafunk_ghost_split,
          uniq_polyphemus
Shoals:3: layout_shoals
Shoals:4: shoals_end_grunt_ice, layout_shoals, nicolae_shoals_loop_pool
Spider:1: layout_spider_delve, guppyfry_spider_mini_3
Spider:2: layout_spider_delve, nicolae_spider_spiderdrome
Spider:3: nicolae_spider_hilbert_zone_1 [nicolae_spider_hilbert_4_sides_1_open,
          nicolae_spider_hilbert_4_sides_1_open,
          nicolae_spider_hilbert_4_sides_1_open,
          nicolae_spider_hilbert_4_sides_1_open,
          nicolae_spider_hilbert_3_sides_1_open,
          nicolae_spider_hilbert_3_sides_1_open,
          nicolae_spider_hilbert_3_sides_1_open,
          nicolae_spider_hilbert_3_sides_1_open,
          nicolae_spider_hilbert_3_sides_1_open,
          nicolae_spider_hilbert_6_sides_1_open,
          nicolae_spider_hilbert_6_sides_1_open,
          nicolae_spider_hilbert_3_sides_1_open,
          nicolae_spider_hilbert_3_sides_1_open,
          nicolae_spider_hilbert_3_sides_1_open,
          nicolae_spider_hilbert_3_sides_1_open,
          nicolae_spider_hilbert_2_sides_1_open], uniq_roxanne, uniq_kirke
Spider:4: johnstein_spider_rune_arachne_lair
Orc:1:    layout_caves, basic_altar
Orc:2:    pf_orc_diabolical, layout_diamond_mine, serial_shops, statue_bzr,
          shop_scrolls, basic_altar, uniq_josephine, uniq_jorgrun
Vaults:1: dpeg_vaults_monster_box, nicolae_vaults_inception_statues,
          ontoclasm_vaults_decontamination, nicolae_vaults_little_squares_4,
          st_greater_box_4, ontoclasm_vaults_ring_large,
          nicolae_vaults_little_ls, vaults_room_fancy_cross, vaults_dpeg_cross,
          vaults_dpeg_hooks, v_misc_26, v_misc_1, vaults_dpeg_ring,
          nicolae_vaults_alarming, layout_vaults_omnicross, serial_shops, shop
Vaults:2: v_misc_17, hangedman_vaults_hat, nicolae_vaults_angled_halls,
          nicolae_vaults_asterisk, ontoclasm_vaults_idyll,
          ontoclasm_vaults_idyll, nicolae_vaults_ring_of_whatevers,
          vaults_room_hallway, grunt_vaults_focal,
          nicolae_vaults_little_squares_1, ontoclasm_vaults_chip,
          nicolae_vaults_specimen_jars, layout_vaults_ring,
          minmay_crypt_entry_simple_round, uniq_mara, uniq_xtahua, uniq_aizul

Skill      XL: |  1  2  3  4  5  6  7  8  9 10 11 12 13 14 15 16 17 18 19 20 21 |
---------------+----------------------------------------------------------------+-----
Spellcasting   | 3 4 5 6 7 8 9 10 11 12 13 14 15 16 17 | 17.7
Fighting       | 1 2 3 4 6 7 8 9 10 11 12 13 14 15 16 | 16.7
Dodging        | 3 4 5 6 7 8 10 | 10.6
Polearms       | 1 2 3 5 7 8 9 10 11 | 11.6
Shields        | 3 7 9 11 13 14 15 | 15.0
Armour         | 4 6 9 10 11 12 | 12.7
Maces & Flails | |  0.1
Stealth        | |  1.8
Unarmed Combat | |  0.4

Action                   |  1- 3 |  4- 6 |  7- 9 | 10-12 | 13-15 | 16-18 | 19-21 || total
-------------------------+-------+-------+-------+-------+-------+-------+-------++-------
Melee: Unarmed           |    25 |       |       |       |   155 |     7 |       ||   187
       Whip              |    30 |    14 |       |       |       |       |       ||    44
       Dagger            |       |    79 |       |       |       |       |       ||    79
       Demon trident     |       |    40 |   179 |   206 |   524 |   622 |   519 ||  2090
       Punch             |       |       |       |     1 |       |       |       ||     1
 Cast: Sandblast         |    44 |    33 |       |     1 |     1 |     3 |       ||    82
       Stone Arrow       |     2 |    10 |     6 |   109 |   390 |   427 |   267 ||  1211
       Poisonous Vapours |       |    11 |    33 |    95 |   229 |   386 |    76 ||   830
       Wereblood         |       |       |     2 |     3 |     6 |     4 |     3 ||    18
       Shock             |       |       |     2 |     8 |    15 |    34 |    21 ||    80
       Animate Dead      |       |       |     1 |       |       |       |       ||     1
       Petrify           |       |       |       |     1 |       |     2 |       ||     3
       Agony             |       |       |       |     1 |       |     3 |       ||     4
       Yara's Violent Un |       |       |       |       |     1 |       |       ||     1
       Blade Hands       |       |       |       |       |    10 |     1 |       ||    11
       Orb of Destructio |       |       |       |       |       |    65 |    78 ||   143
       Iron Shot         |       |       |       |       |       |       |    61 ||    61
       Ignition          |       |       |       |       |       |       |     3 ||     3
Invok: Call Merchant     |       |       |       |       |       |     1 |     1 ||     2
 Abil: End Transformatio |       |       |       |       |     1 |       |       ||     1
Evoke: Wand              |       |       |       |       |       |     1 |       ||     1
  Use: Scroll            |       |     9 |       |     3 |    11 |    14 |     6 ||    43
       Potion            |       |       |     1 |       |     7 |     8 |     3 ||    19
 Stab: Sleeping          |     2 |     6 |     6 |     1 |     4 |     4 |       ||    23
       Petrified         |       |       |       |     3 |       |       |       ||     3
       Distracted        |       |       |       |     1 |     6 |     2 |     4 ||    13
Armor: Robe              |    19 |    14 |    15 |    58 |    94 |   177 |       ||   377
       Skin              |       |       |       |       |       |    12 |       ||    12
       Scale mail        |       |       |       |       |       |    53 |   212 ||   265
Dodge: Dodged            |    53 |    69 |    65 |   126 |   317 |   468 |   248 ||  1346
Block: Kite shield       |       |       |       |     3 |   233 |   618 |   389 ||  1243

Table legend: (Time is in decaauts)
 A = Elapsed time spent in this place.
 B = Non-inter-level travel time spent in this place.
 C = Inter-level travel time spent in this place.
 D = Time resting spent in this place.
 E = Time spent auto-exploring this place.
 F = Levels seen in this place.
 G = Mean time per level.
                   A        B        C        D        E       F      G
               +--------+--------+--------+--------+--------+-----+--------+
         Total |  46797 |  43600 |   3197 |   9225 |  23618 |  36 | 1299.9 |
       Dungeon |  18275 |  16667 |   1608 |   3572 |  10405 |  14 | 1305.4 |
        Temple |    232 |    177 |     55 |      0 |    177 |   1 |  232.0 |
          Lair |   7184 |   6504 |    680 |    733 |   3862 |   6 | 1197.3 |
        Shoals |   6470 |   6267 |    203 |   1637 |   2663 |   4 | 1617.5 |
   Spider Nest |   6982 |   6572 |    410 |   1470 |   3329 |   4 | 1745.5 |
  Orcish Mines |   2635 |   2501 |    134 |    403 |   1212 |   2 | 1317.5 |
        Vaults |   3046 |   2941 |    105 |    853 |   1378 |   2 | 1523.0 |
         Sewer |   1308 |   1308 |      0 |    536 |    502 |   1 | 1308.0 |
        Bailey |    294 |    294 |      0 |      0 |     90 |   1 |  294.0 |
      Gauntlet |    366 |    366 |      0 |     19 |      0 |   1 |  366.0 |
               +--------+--------+--------+--------+--------+-----+--------+

Top non-repeatable levels by time:
    D:11: 3908 daAuts
Vaults:1: 2912 daAuts
Spider:4: 2381 daAuts
Shoals:4: 2023 daAuts
Shoals:1: 1969 daAuts
Spider:2: 1896 daAuts
   Orc:2: 1853 daAuts
  Lair:5: 1833 daAuts
     D:6: 1666 daAuts
Shoals:2: 1647 daAuts
     D:1: 1580 daAuts
  Lair:6: 1567 daAuts
     D:9: 1460 daAuts
     D:5: 1433 daAuts
Spider:3: 1390 daAuts
